 Dungeon Crawl Stone Soup version 0.23-a0-650-ga4d50d4 (webtiles) character file.

47 Amnesiac the Digger (level 3, 14/14 HPs)
             Began as a Felid Earth Elementalist on Jan 5, 2019.
             Quit the game on level 4 of the Dungeon.
             The game lasted 00:04:26 (1414 turns).

Amnesiac the Digger (Felid Earth Elementalist)      Turns: 1414, Time: 00:04:27

Health: 14/14      AC:  1    Str:  4    XL:     3   Next: 48%
Magic:  9/9        EV: 18    Int: 17    God:
Gold:   53         SH:  0    Dex: 16    Spells: 2/9 levels left
                                        Lives:  0   Deaths: 1

rFire    . . .     SeeInvis +   (weapon unavailable)
rCold    . . .     Gourm    .   (shield unavailable)
rNeg     . . .     Faith    .   (armour unavailable)
rPois    .         Spirit   .   (helmet unavailable)
rElec    .         Reflect  .   (cloak unavailable)
rCorr    .         Harm     .   (gloves unavailable)
MR       .....                  (boots unavailable)
Stlth    +++.......             g - amulet of rage
HPRegen  0.04/turn              (no ring)
MPRegen  0.11/turn              (no ring)

@: quick
A: very small, no armour, no weapons or thrown items, stealth, claws 1, fangs 3,
see invisible, carnivore, speed 1, shaggy fur 1, slow metabolism 1, sharp paws
a: Evoke Berserk Rage


You were on level 4 of the Dungeon.
You were not hungry.

You visited 1 branch of the dungeon, and saw 5 of its levels.

You collected 53 gold pieces.

Inventory:

Jewellery
 g - an amulet of rage (around neck)
Potions
 a - a potion of haste {!q}
Comestibles
 c - 3 rations


   Skills:
 - Level 2.6 Dodging
 - Level 2.6 Stealth
 + Level 3.5 Spellcasting
 - Level 2.0 Transmutations
 + Level 3.5 Earth Magic


You had 2 spell levels left.
You knew the following spells:

 Your Spells              Type           Power        Failure   Level  Hunger
a - Sandblast             Erth           ##....       4%          1    None
b - Passwall              Tmut/Erth      ##......     9%          2    ##.....
e - Petrify               Tmut/Erth      ##......     47%         4    ####...

Your spell library contained the following spells:

 Spells                   Type           Power        Failure   Level  Hunger
 Stone Arrow              Conj/Erth      #.....       24%         3    ###....
 Lee's Rapid Deconstruct  Erth           ##........   73%         5    ######.


Dungeon Overview and Level Annotations

Branches:
Dungeon (5/15)
 Temple: D:4-7

Altars:
Hepliaklqana
Uskayaw

Annotations:
D:2 Natasha
D:4 1 exclusion, Grinder


Innate Abilities, Weirdness & Mutations

You cannot wear armour.
You are incapable of wielding weapons or throwing items.
Your paws allow you to move quietly. (Stealth)
You have sharp claws.
You have razor-sharp teeth.
You have supernaturally acute eyesight. (SInv)
You are carnivorous and can eat meat at any time.
You cover ground quickly.
You are covered in fur. (AC +1)
You have a slow metabolism.
Your sharp claws are effective at attacking unaware monsters.


Message History

An orc comes into view.
The worker ant completely misses you.
Unknown command.
You scratch the worker ant but do no damage.
The worker ant misses you.
You catch the helpless worker ant completely off-guard!
You scratch the worker ant. The worker ant bites you.
The orc priest looks satisfied for a moment.
Grinder grins, showing sharp teeth.
The worker ant bites you but does no damage.
You aren't carrying any scrolls.
Really quaff
f - a fizzy pink potion {!q}?
It was a potion of heal wounds {!q}.
You feel much better.
The orc priest looks encouraged for a moment.
The worker ant misses you. The orc closely misses you.
You scratch the worker ant.
The worker ant is lightly wounded.
The worker ant stops moving altogether!
The orc closely misses you.
You pounce on the unaware helpless worker ant!
You scratch the worker ant.
The worker ant is lightly wounded.
The orc barely misses you.
You pounce on the unaware helpless worker ant!
You scratch the worker ant.
You bite the worker ant, but do no damage.
The worker ant is moderately wounded.
The orc closely misses you.
You pounce on the unaware helpless worker ant!
You scratch the worker ant.
You bite the worker ant, but do no damage.
The worker ant is heavily wounded.
The orc completely misses you.
The helpless worker ant fails to defend itself.
You scratch the worker ant. You bite the worker ant.
The worker ant is severely wounded.
The orc hits you but does no damage.
You feel drained.
The helpless worker ant fails to defend itself.
You scratch the worker ant.
The worker ant is severely wounded.
The orc hits you with a +2 dagger of draining.
You feel drained.
You pounce on the unaware helpless worker ant!
You scratch the worker ant. You bite the worker ant.
The worker ant is almost dead.
Grinder blinks!
The orc hits you with a +2 dagger of draining.
You feel drained.
* * * LOW HITPOINT WARNING * * *
The helpless worker ant fails to defend itself.
You scratch the worker ant.
The worker ant is almost dead.
The orc priest mumbles some strange prayers to Beogh against you.
Beogh smites you!
Ouch! That really hurt!
You die...
The orc closely misses you.
You are now level 3!
You rejoin the land of the living...
Found 16 arrows and a scroll labeled ABBAHU KAMUI.
Unknown command.
Unknown command.
You see here a potion of heal wounds {!q}.
You can't grasp things well enough to throw them.
Are you sure you want to abandon this character and quit the game? (Confirm

#.._..###.##..........#
#.#.#.##..##..........#
..#.#.##?###..........#
.##.#..[.# #.........?#
..#.#..#.###..........#
..........##..........#
.......##.#...........##
a....$##.......[......(#
#..#####.<......@......#
##.# ##...####.######.#
##.####...## #.# .#
...a......# #.#
###....#..# ## #..##..##
#..##.## #$....# ....###


There were no monsters in sight!

Vanquished Creatures
  A jelly (D:5)
  A worker ant zombie (D:5)
  5 adders
  A dart slug (D:4)
  A leopard gecko (D:2)
  2 giant cockroaches (D:1)
  3 goblins
  A quokka (D:4)
  2 bats
  A kobold (D:1)
  A rat (D:1)
19 creatures vanquished.

Notes
Turn   | Place    | Note
-------+----------+-------------------------------------------
     0 | D:1      | Amnesiac the Felid Earth Elementalist began the quest for
                  | the Orb.
     0 | D:1      | Reached XP level 1. HP: 7/7 MP: 4/4
   479 | D:2      | Noticed Natasha
   482 | D:2      | Reached XP level 2. HP: 11/11 MP: 4/6
   501 | D:2      | Learned a level 2 spell: Passwall
   730 | D:3      | Reached XP level 3. HP: 14/14 MP: 3/8
   780 | D:4      | Found a hide-covered altar of Uskayaw.
   780 | D:4      | Noticed a +0 hand axe
   780 | D:4      | Noticed a +0 dagger
   825 | D:4      | Noticed a phantom
   854 | D:4      | Found a hazy altar of Hepliaklqana.
   922 | D:5      | Entered Level 5 of the Dungeon
   929 | D:5      | Reached XP level 4. HP: 13/18 MP: 6/10
  1011 | D:5      | Learned a level 4 spell: Petrify
  1398 | D:4      | Noticed Grinder
  1411 | D:4      | Killed from afar by an orc priest
  1412 | D:4      | Reached XP level 3. HP: -2/14 MP: 7/9
  1414 | D:4      | Quit the game

Vault maps used:
D:1:      nzn_arrival_crosshair, minmay_worlds_worst_comb
D:2:      chequers_temple_overflow_statue_of_worship, first_ration,
          minmay_heptomino_h4, uniq_natasha
D:3:      serial_forest, infiniplex_forest_lined_room_2,
          infiniplex_forest_diagonal, infiniplex_forest_clump_tiny,
          infiniplex_forest_split, infiniplex_forest_straight_2,
          infiniplex_forest_lined_2, infiniplex_forest_lined_room_
D:4:      dancing_weapons_uskayaw, lemuel_crystal_altar,
          nicolae_ru_the_path_less_chosen, uniq_grinder, uniq_robin
D:5:      nicolae_qazlal_general_emergency

Skill      XL: |  1  2  3  4 |
---------------+-------------+-----
Spellcasting   | 3 |  3.5
Earth Magic    | 3 |  3.5
Transmutations | 2 |  2.0
Dodging        | |  2.6
Stealth        | |  2.6

Action                   |  1- 3 |  4- 6 || total
-------------------------+-------+-------++-------
Melee: Unarmed           |    18 |    10 ||    28
       Bite              |       |     4 ||     4
 Cast: Sandblast         |    24 |    16 ||    40
       Passwall          |     1 |       ||     1
       Petrify           |       |     1 ||     1
  Use: Potion            |       |     3 ||     3
       Scroll            |       |     1 ||     1
 Stab: Sleeping          |     3 |       ||     3
       Petrified         |       |     7 ||     7
       Petrifying        |       |     1 ||     1
  Eat: Chunk             |     7 |       ||     7
Armor: Skin              |       |     1 ||     1
Dodge: Dodged            |    22 |    18 ||    40

Table legend:
 A = Non-vault XP
 B = Vault XP
 C = Vault XP percentage of total XP
 D = Non-vault monster count
 E = Vault monster count
 F = Vault count percentage of total count
                 A         B        C        D         E       F
            +---------+---------+-------+---------+---------+-------
      Total |     146 |       0 |   0.0 |      19 |       0 |   0.0
            +---------+---------+-------+---------+---------+-------
        D:1 |       9 |       0 |   0.0 |       6 |       0 |   0.0
        D:2 |       3 |       0 |   0.0 |       1 |       0 |   0.0
        D:3 |      57 |       0 |   0.0 |       7 |       0 |   0.0
        D:4 |      19 |       0 |   0.0 |       3 |       0 |   0.0
        D:5 |      58 |       0 |   0.0 |       2 |       0 |   0.0
            +---------+---------+-------+---------+---------+-------
